 Dungeon Crawl Stone Soup version 0.30-a0-310-g7d6cbdfea6 (webtiles) character file.

Game seed: 16669809944273642145

47 timneilson the Covered (level 3, -6/23 HPs)
             Began as a Gargoyle Fighter on Oct 24, 2022.
             Killed from afar by Sigmund (10 damage)
             ... with a puff of flame
             ... on level 2 of the Dungeon.
             The game lasted 00:01:54 (1070 turns).

timneilson the Covered (Gargoyle Fighter)           Turns: 1070, Time: 00:01:55

Health: -6/23      AC: 10    Str: 21    XL:     3   Next: 70%
Magic:  3/3        EV:  9    Int:  8    God:
Gold:   94         SH:  4    Dex:  9    Spells: 2/2 levels left

rFire   . . .      SeeInvis .    a - +0 long sword
rCold   . . .      Faith    .    c - +0 buckler
rNeg    + . .      Spirit   .    b - +0 scale mail
rPois   ∞          Reflect  .    (no helmet)
rElec   +          Harm     .    (no cloak)
rCorr   .          Rampage  .    (no gloves)
Will    .....                    (no boots)
Stlth   ..........               (no amulet)
HPRegen 0.23/turn                (no ring)
MPRegen 0.08/turn                (no ring)

@: mighty
A: sickness immunity, AC +3, negative energy resistance 1, electricity
resistance, torment resistance 1, petrification resistance
a: no special abilities


You were on level 2 of the Dungeon.
You visited 1 branch of the dungeon, and saw 2 of its levels.

You collected 94 gold pieces.

Inventory:

Hand Weapons
 a - a +0 long sword (weapon)
Armour
 b - a +0 scale mail (worn)
 c - a +0 buckler (worn)
Jewellery
 f - a ring of ice
Scrolls
 e - a scroll of amnesia {unknown}
 g - a scroll of enchant armour
 h - a scroll of fear
Potions
 i - a potion of heal wounds
 j - a potion of haste


   Skills:
 + Level 3.4 Fighting
 * Level 2.3 Long Blades
 * Level 3.8 Armour
 + Level 0.4 Dodging
 * Level 3.8 Shields


You had 2 spell levels left.
You didn't know any spells.
Your spell library contained the following spells:

 Spells                   Type           Power      Damage    Failure   Level
 Magic Dart               Conj           0%         1d3       83%         1
 Call Imp                 Summ           0%         N/A       92%         2
 Mephitic Cloud           Conj/Pois/Air  0%         N/A       99%         3


Dungeon Overview and Level Annotations

Branches:
Dungeon (2/15)

Altars:

Annotations:
D:2 Sigmund


Innate Abilities, Weirdness & Mutations

You are immune to sickness and miasma.
Your stone body is resilient. (AC +3)
You are immune to poison.
You resist negative energy. (rN+)
You are resistant to electric shocks. (rElec)
You are resistant to unholy torment.
You are immune to petrification.


Message History

You barely miss something. You miss something.
You hear a zap.
A puff of flame appears from out of thin air!
The puff of flame hits you.
* * * LOW HITPOINT WARNING * * *
You hear a zap.
A puff of flame appears from out of thin air!
The puff of flame misses you.
You feel much better.
You hear a zap.
A puff of flame appears from out of thin air!
The puff of flame hits you!
You miss something.
You hear a zap.
A puff of flame appears from out of thin air!
The puff of flame hits you.
You closely miss something. Something hits you but does no damage.
You barely miss something. Something hits you but does no damage.
You barely miss something.
You hear some strange, mumbled words.
You are confused.
Something hits you.
Found 9 gold pieces.
Something hits you but does no damage.
You feel much better.
You hear some strange, mumbled words.
A puff of flame appears from out of thin air!
The puff of flame hits you.
You miss something. Something hits you. Something hits you!
* * * LOW HITPOINT WARNING * * *
You're too confused to move!
Something hits you.
* * * LOW HITPOINT WARNING * * *
You bump into the rock wall.
You feel less confused. You block something's attack.
You slash something!
You hear a zap.
A puff of flame appears from out of thin air!
The puff of flame hits you!
You die...

#...# +...+ #...#
+...# #...# ## #.
+...+ ..
##..####...#.#.# .
....$...........
.#####+###.@{####.#
#........#...#
#........#)..# ##
#........#...####
.#####...............#
.....+.............#.#
..####........####.# #
......####.........#.
..###.# #.#.........


There were no monsters in sight!

Vanquished Creatures
  2 dart slugs (D:1)
  4 ball pythons
  3 endoplasms (D:1)
  3 giant cockroaches (D:1)
  7 goblins
  4 hobgoblins (D:1)
  8 kobolds
  5 bats
  A frilled lizard (D:1)
  3 rats
40 creatures vanquished.

Notes
Turn   | Place    | Note
-------+----------+-------------------------------------------
     0 | D:1      | timneilson the Gargoyle Fighter began the quest for the
                  | Orb.
     0 | D:1      | Reached XP level 1. HP: 14/14 MP: 1/1
   152 | D:1      | Reached XP level 2. HP: 17/19 MP: 2/2
   465 | D:1      | Reached XP level 3. HP: 18/23 MP: 3/3
   920 | D:2      | Found a faded altar of an unknown god.
  1043 | D:2      | Noticed Sigmund
  1070 | D:2      | Killed from afar by Sigmund

Illustrated notes

Levels and vault maps discovered:
D:1:      dpeg_arrival_round_c, layout_basic
D:2:      layout_basic, chequers_ecumenical_altar_simple, basic_altar,
          minmay_tromino_v7, uniq_sigmund

Skill      XL: |  1  2 |
---------------+-------+-----
Long Blades    | 2 |  2.3
Fighting       | |  3.4
Armour         | |  3.8
Dodging        | |  0.4
Shields        | |  3.8

Action                   || total
-------------------------++-------
Melee: Long sword        ||   134
  Use: Scroll            ||     5
       Potion            ||     3
Armor: Scale mail        ||    97
Dodge: Dodged            ||    84
Block: Buckler           ||    42

Table legend: (Time is in decaauts)
 A = Elapsed time spent in this place.
 B = Non-inter-level travel time spent in this place.
 C = Inter-level travel time spent in this place.
 D = Time resting spent in this place.
 E = Time spent auto-exploring this place.
 F = Levels seen in this place.
 G = Mean time per level.
                   A        B        C        D        E       F      G
               +--------+--------+--------+--------+--------+-----+--------+
         Total |   1115 |   1099 |     16 |     64 |    708 |   2 |  557.5 |
       Dungeon |   1115 |   1099 |     16 |     64 |    708 |   2 |  557.5 |
               +--------+--------+--------+--------+--------+-----+--------+

Top non-repeatable levels by time:
     D:1: 884 daAuts
     D:2: 231 daAuts
